 Dungeon Crawl Stone Soup version 0.25.0-46-gbd7b0854d2 (webtiles) character file.

Game seed: 15014279415080925758

7956 Ethylacetat the Spear-Bearer (level 11, -3/93 (95) HPs)
             Began as a Demonspawn Gladiator on July 17, 2020.
             Was a High Priest of Okawaru.
             Killed by divine providence
             ... invoked by a smoke demon
              (11 damage)
             ... on level 2 of the Abyss.
             The game lasted 00:24:27 (10961 turns).

Ethylacetat the Spear-Bearer (DsGl)                Turns: 10961, Time: 00:24:27

HP:   -3/93 (95)    AC: 12    Str: 18    XL:     11   Next: 3%
MP:   0/18          EV: 12    Int: 15    God:    Okawaru [*****.]
Gold: 647           SH:  5    Dex: 15    Spells: 10/10 levels left

rFire    . . .     SeeInvis .   a - +0 trident
rCold    . . .     Gourm    .   B - +0 buckler
rNeg     + . .     Faith    .   F - +2 acid dragon scales
rPois    .         Spirit   +   (helmet restricted)
rElec    .         Reflect  .   (no cloak)
rCorr    +         Harm     .   (no gloves)
MR       .....                  (no boots)
Stlth    +.........             u - amulet of magic regeneration (curse)
HPRegen  0.25/turn              t - +6 ring of intelligence
MPRegen  0.41/turn              m - ring of positive energy

@: liquid flames, glowing
A: claws 2, horns 1, talons 1, yellow scales 3, nightstalker 1, robust 1, magic
shield
a: Heroism, Finesse, Renounce Religion


You were on level 2 of the Abyss.
You worshipped Okawaru.
Okawaru was extremely pleased with you.
You were not hungry.

You visited 2 branches of the dungeon, and saw 11 of its levels.
You visited the Abyss 1 time.

You collected 647 gold pieces.

Inventory:

Hand Weapons
 a - a +0 trident (weapon)
Missiles
 d - 4 throwing nets (quivered)
Armour
 B - a +0 buckler (worn)
 F - +2 acid dragon scales (worn)
Jewellery
 b - an uncursed ring of protection from fire {unknown}
 m - a ring of positive energy (right claw)
 t - a +6 ring of intelligence (left claw)
 u - a cursed amulet of magic regeneration (around neck)
Wands
 h - a wand of iceblast (9)
 j - a wand of digging (5)
 E - a wand of polymorph (9)
Scrolls
 e - 10 scrolls of identify {unknown}
 k - 3 scrolls of noise {unknown}
 l - 4 scrolls of enchant armour {unknown}
 n - 4 scrolls of fog {unknown}
 p - 9 scrolls of teleportation {unknown}
 q - 5 scrolls of remove curse {unknown}
 r - 2 scrolls of vulnerability {unknown}
 v - a scroll of magic mapping {unknown}
 w - 4 scrolls of fear {unknown}
 x - 2 scrolls of random uselessness {unknown}
 y - 5 scrolls of amnesia {unknown}
 z - 2 scrolls of immolation {unknown}
 A - 2 scrolls of blinking {unknown}
 C - a scroll of torment {unknown}
 D - 2 scrolls of enchant weapon {unknown}
Potions
 c - a potion of magic
 g - 8 potions of curing
 i - 2 potions of haste
 o - a potion of brilliance
 s - 2 potions of flight
 G - a potion of heal wounds
 H - 3 potions of might
 I - a potion of berserk rage
 J - a potion of ambrosia {unknown}
Comestibles
 f - 16 rations


   Skills:
 + Level 8.7 Fighting
 * Level 11.1 Polearms
 - Level 1.7 Throwing
 - Level 2.6 Dodging
 - Level 4.0 Shields
 + Level 9.9 Invocations


You had 10 spell levels left.
You didn't know any spells.
Your spell library was empty.

Dungeon Overview and Level Annotations

Branches:
Dungeon (10/15)            Temple (1/1) D:4
   Lair: D:8-11         Orc: D:9-12

Altars:
Ashenzari
Hepliaklqana
Nemelex Xobeh
Okawaru
Qazlal
Ru
Trog
Yredelemnul
Zin

Shops:
D:4 %

Annotations:
D:5 1 runed translucent door, Ethylacetat's ghost, novice OpAE
D:6 3 runed translucent doors, Curus's ghost, novice MiMo; Ethylacetat's ghost, novice OpAE; Shotagonist's ghost, novice DsMo; wojtek's ghost, novice MiFi
D:10 3 runed translucent doors


Innate Abilities, Weirdness & Mutations

You have very sharp fingernails.
You are completely covered in yellow scales. (AC +4, rCorr)
You are slightly more attuned to the shadows.
You are robust. (+10% HP)
When hurt, damage is shared between your health and your magic reserves.
You have a pair of small horns on your head.
You have sharp toenails.


Message History

You are covered in liquid flames!
* * * LOW HITPOINT WARNING * * *
The smoke demon gestures at you. The sticky flame hits you.
You are covered in liquid flames!
* * * LOW HITPOINT WARNING * * *
You are covered in liquid flames!
* * * LOW HITPOINT WARNING * * *
You are covered in liquid flames!
* * * LOW HITPOINT WARNING * * *
The smoke demon gestures at you. Something smites you!
* * * LOW HITPOINT WARNING * * *
You are covered in liquid flames!
* * * LOW HITPOINT WARNING * * *
You are covered in liquid flames!
* * * LOW HITPOINT WARNING * * *
The smoke demon gestures at you. Something smites you!
You die...

.. .# # . .... >.
........#
........###...# _
.....# . . ##
#....#.#....#
#....#.. ...#
#....#.....##
#.@..#......#
##......#... ###
#.....#.....#..#
##.§§§##.....#
#.###..§.3#......#.##
.. §................#
............. ......#
............. ....#.
.###.....##...#.# #


You could see a smoke demon.

Vanquished Creatures
  A hydra (D:8)
  A two-headed ogre (D:8)
  Pikel (D:7)
  Psyche (D:8)
  A gargoyle (D:6)
  Maggie (D:8)
  A troll (D:9)
  2 dream sheep (D:8)
  A hippogriff (D:8)
  2 yaks (D:8)
  A hungry ghost (D:9)
  4 orc warriors
  4 ice beasts
  3 phantoms
  4 ogres
  2 necrophages (D:8)
  8 centaurs
  4 big kobolds
  3 scorpions
  4 crimson imps
  A quasit (D:9)
  3 bullfrog zombies
  A jelly (D:4)
  4 orc priests
  6 hounds
  8 worker ants
  Ijyb (D:3)
  2 iguanas (D:5)
  12 orc wizards
  2 killer bee zombies
  A hound zombie (D:8)
  A howler monkey zombie (D:8)
  Robin (D:3)
  10 adders
  3 shadow imps
  2 oozes
  An adder skeleton (D:5)
  2 adder zombies (D:5)
  8 worms
  2 dart slugs (D:1)
  3 leopard geckos
  25 orcs
  9 bats
  3 giant cockroaches
  12 hobgoblins
  7 jackals
  13 kobolds
  3 quokkas
  A ball python (D:4)
  6 frilled lizards
  18 goblins
  A leopard gecko skeleton (D:4)
  A quokka skeleton (D:3)
  11 rats
233 creatures vanquished.

Vanquished Creatures (others)
  A phantom (D:7)
  A hound (D:7)
  2 orcs (D:7)
4 creatures vanquished.

Grand Total: 237 creatures vanquished

Notes
Turn   | Place    | Note
-------+----------+-------------------------------------------
     0 | D:1      | Ethylacetat the Demonspawn Gladiator began the quest for
                  | the Orb.
     0 | D:1      | Reached XP level 1. HP: 16/16 MP: 1/1
   257 | D:1      | Reached skill level 3 in Polearms
   264 | D:1      | Gained mutation: You are partially covered in yellow
                  | scales. (AC +2) [demonic ancestry]
   264 | D:1      | Reached XP level 2. HP: 15/22 MP: 2/2
   481 | D:1      | Reached XP level 3. HP: 28/28 MP: 3/3
  1092 | D:2      | Found a sacrificial altar of Ru.
  1103 | D:2      | Reached skill level 4 in Polearms
  1103 | D:2      | Gained mutation: You are mostly covered in yellow scales.
                  | (AC +3) [demonic ancestry]
  1103 | D:2      | Reached XP level 4. HP: 29/35 MP: 4/4
  1923 | D:2      | Gained mutation: You have sharp fingernails. [demonic
                  | ancestry]
  1923 | D:2      | Reached XP level 5. HP: 41/41 MP: 5/5
  1938 | D:2      | Found a hazy altar of Hepliaklqana.
  2236 | D:3      | Noticed Robin
  2249 | D:3      | Killed Robin
  2890 | D:3      | Noticed Ijyb
  2932 | D:3      | Killed Ijyb
  2932 | D:3      | Reached skill level 5 in Polearms
  3133 | D:4      | Found a staircase to the Ecumenical Temple.
  3150 | Temple   | Entered the Ecumenical Temple
  3158 | Temple   | Became a worshipper of Warmaster Okawaru
  3197 | D:4      | Found Alaax's Food Shoppe.
  3224 | D:4      | Noticed a phantom
  3244 | D:4      | Reached skill level 1 in Invocations
  3244 | D:4      | Gained mutation: You are slightly more attuned to the
                  | shadows. [demonic ancestry]
  3244 | D:4      | Reached XP level 6. HP: 35/48 MP: 6/6
  3793 | D:5      | Entered Level 5 of the Dungeon
  3964 | D:5      | Reached * piety under Okawaru
  4051 | D:5      | Gained mutation: You have very sharp fingernails. [demonic
                  | ancestry]
  4051 | D:5      | Reached XP level 7. HP: 48/55 MP: 8/8
  4141 | D:5      | Reached skill level 6 in Polearms
  4381 | D:5      | Noticed Ethylacetat's ghost (novice OpAE)
  4384 | D:5      | Found a runed translucent door.
  4537 | D:5      | Reached skill level 5 in Fighting
  4919 | D:5      | Reached skill level 7 in Polearms
  4919 | D:5      | Gained mutation: When hurt, damage is shared between your
                  | health and your magic reserves. [demonic ancestry]
  4919 | D:5      | Reached XP level 8. HP: 24/62 MP: 11/11
  5342 | D:5      | Reached ** piety under Okawaru
  5623 | D:5      | HP: 1/63 [orc warrior/+0 long sword (12)]
  5628 | D:5      | Reached skill level 5 in Invocations
  6001 | D:6      | Reached skill level 1 in Shields
  6425 | D:6      | Gained mutation: You are dopey. (Int -2) [potion of
                  | mutation]
  6425 | D:6      | Gained mutation: You are robust. (+10% HP) [potion of
                  | mutation]
  6425 | D:6      | Gained mutation: You possess an exceptional clarity of
                  | mind. [potion of mutation]
  6439 | D:6      | Reached skill level 8 in Polearms
  6768 | D:6      | Found a runed translucent gate.
  6770 | D:6      | Found a runed translucent gate.
  6777 | D:6      | Found a runed translucent gate.
  6777 | D:6      | Noticed Shotagonist's ghost (novice DsMo)
  6902 | D:6      | Gained mutation: You are completely covered in yellow
                  | scales. (AC +4, rCorr) [demonic ancestry]
  6902 | D:6      | Reached XP level 9. HP: 60/75 MP: 10/13
  6912 | D:6      | Lost mutation: You are robust. (+10% HP) [potion of
                  | mutation]
  6912 | D:6      | Lost mutation: You are dopey. (Int -2) [potion of mutation]
  6912 | D:6      | Lost mutation: You possess an exceptional clarity of mind.
                  | [potion of mutation]
  6912 | D:6      | Gained mutation: You have a pair of small horns on your
                  | head. [potion of mutation]
  6912 | D:6      | Gained mutation: You are robust. (+10% HP) [potion of
                  | mutation]
  6912 | D:6      | Gained mutation: You have sharp toenails. [potion of
                  | mutation]
  7093 | D:6      | Noticed a gargoyle
  7103 | D:6      | Killed a gargoyle
  7103 | D:6      | Reached *** piety under Okawaru
  7365 | D:6      | Noticed Curus's ghost (novice MiMo)
  7365 | D:6      | Noticed Ethylacetat's ghost (novice OpAE)
  7366 | D:6      | Noticed wojtek's ghost (novice MiFi)
  7446 | D:7      | Noticed Pikel
  7466 | D:7      | Killed Pikel
  7952 | D:8      | Noticed a two-headed ogre
  7971 | D:8      | Killed a two-headed ogre
  7971 | D:8      | Reached **** piety under Okawaru
  7971 | D:8      | Reached skill level 9 in Polearms
  8130 | D:8      | Received a gift from Okawaru
  8132 | D:8      | Reached XP level 10. HP: 70/85 MP: 11/15
  8750 | D:8      | Noticed Psyche
  8760 | D:8      | Killed Psyche
  8937 | D:8      | Reached skill level 10 in Polearms
  9191 | D:8      | Noticed Maggie
  9271 | D:8      | Killed Maggie
  9271 | D:8      | Reached ***** piety under Okawaru
  9828 | D:8      | Noticed a three-headed hydra
  9838 | D:8      | Killed a three-headed hydra
 10219 | D:9      | Reached skill level 11 in Polearms
 10603 | D:9      | Mutation became permanent: You are robust. (+10% HP)
                  | [demonic ancestry]
 10603 | D:9      | Gained mutation: You are robust. (+10% HP) [demonic
                  | ancestry]
 10603 | D:9      | Reached XP level 11. HP: 86/93 MP: 18/18
 10889 | D:10     | Entered Level 10 of the Dungeon
 10911 | D:10     | Noticed a wizard
 10913 | D:10     | Noticed a wizard
 10924 | D:10     | Found a runed translucent gate.
 10924 | D:10     | Found a runed translucent gate.
 10924 | D:10     | Found a runed translucent gate.
 10925 | D:10     | Noticed a glowing orange brain
 10925 | D:10     | Noticed a white ugly thing
 10931 | D:10     | Cast into level 2 of the Abyss (a wizard)
 10932 | Abyss:2  | Found a corrupted altar of Lugonu.
 10961 | Abyss:2  | Killed from afar by a smoke demon

Illustrated notes

Levels and vault maps discovered:
D:1:      wander_arrival_estate, layout_basic, moated_statue
D:2:      layout_loops_ring, nicolae_overflow_hidden_temple,
          nicolae_ru_great_annihilating_truth
D:3:      kennysheep_the_goblin_king, layout_loops_ring, uniq_robin
D:4:      layout_rooms, minmay_temple_entry_statues, first_ration, serial_shops,
          shop
D:5:      layout_basic, hellmonk_ghost_happy_afterlife, grunt_tough_drop,
          uniq_ijyb
D:6:      layout_loops_ring, gammafunk_ghost_cemetery,
          chequers_serial_rivers_room_b
D:7:      layout_cave_pools, serial_column_ruins, column_ruins_hut_pillars,
          column_ruins_grid_1, column_ruins_columns_corner,
          column_ruins_columns_corner, column_ruins_corridor_straight,
          column_ruins_grid_4, uniq_pikel
D:8:      layout_loops_cross, hangedman_ranch [blue_anna_fruit_fields],
          uniq_maggie, uniq_psyche
D:9:      layout_loops_cross, dk_noncrumbling_2
D:10:     cheibrodos_wizards_tower, layout_irregular_city, lair_entry_dummy,
          david_orc_4, ploomutoo_gammafunk_ghost_potion_laboratory,
          lightli_corner_chamber
Temple:   grunt_wide_crystal_templ
Abyss:2:  base:
D:1

Skill      XL: |  1  2  3  4  5  6  7  8  9 10 |
---------------+-------------------------------+-----
Polearms       | 3 4 5 7 8 9 11 | 11.1
Fighting       | 3 4 5 6 7 8 |  8.7
Invocations    | 1 2 4 6 7 9 |  9.9
Shields        | 2 4 |  4.0
Throwing       | |  1.7
Dodging        | |  2.6

Action                   |  1- 3 |  4- 6 |  7- 9 | 10-12 || total
-------------------------+-------+-------+-------+-------++-------
Melee: Trident           |   126 |   284 |   457 |   329 ||  1196
       Kick              |       |       |    15 |   100 ||   115
       Headbutt          |       |       |     9 |    74 ||    83
       Unarmed           |       |       |       |    12 ||    12
Throw: Throwing net      |       |       |     1 |     1 ||     2
Invok: Heroism           |       |       |     2 |       ||     2
Evoke: Wand              |       |       |       |     2 ||     2
  Use: Potion            |       |       |    14 |       ||    14
 Stab: Sleeping          |     1 |     5 |     4 |     3 ||    13
       Paralysed         |       |     2 |       |       ||     2
       Distracted        |       |     1 |       |     3 ||     4
       Held in net/web   |       |       |     2 |     2 ||     4
  Eat: Chunk             |     1 |    10 |    10 |    10 ||    31
       Ration            |       |       |     1 |       ||     1
Armor: Leather armour    |    30 |    73 |    87 |    23 ||   213
       Skin              |       |       |    21 |       ||    21
       Acid dragon scale |       |       |       |    40 ||    40
Dodge: Dodged            |    63 |   103 |   174 |   115 ||   455
Block: Buckler           |       |       |    61 |    49 ||   110
